 Dungeon Crawl Stone Soup version 0.30-a0-634-g8abc85282e (webtiles) character file.

Game seed: 8390161755448033001

190310 Newt the Tortoise (level 17, -8/114 (115) HPs)
             Began as a Demonspawn Gladiator on Jan 15, 2023.
             Was a High Priest of Hepliaklqana.
             Mangled by a spark wasp (15 damage)
             ... on level 2 of the Spider Nest.
             The game lasted 00:45:30 (28501 turns).

Newt the Tortoise (Demonspawn Gladiator)           Turns: 28501, Time: 00:45:31

HP:   -8/114 (115)  AC: 38    Str: 23    XL:     17   Next: 54%
MP:   30/41         EV: 14    Int: 13    God:    Hepliaklqana [*****.]
Gold: 2685          SH: 14    Dex: 20    Spells: 21/21 levels left

rFire   + + +      SeeInvis .    m - +4 demon whip (spect)
rCold   + + .      Faith    +    k - +2 shield of Resistance {rF++ rC++ Will++}
rNeg    . . .      Spirit   .    J - +6 chain mail "Puosups" {Drain rPois Str-3 Stlth+}
rPois   +          Reflect  .    O - +3 hat of Pondering {ponderous, Will+ MP+10 Int+5}
rElec   +          Harm     .    (no cloak)
rCorr   +          Rampage  .    n - +0 pair of gloves
Will    +++++                    (no boots)
Stlth   +                        B - amulet of Urghy {Faith rElec rF+ rCorr Int-2}
HPRegen 2.19/turn                H - ring of Qomn {+Blink Fly rF++ Str-2 Dex+2}
MPRegen 0.27/turn                q - ring "Xiffe" {Contam Will+ MP+9 Str+7 Dex+2}

@: mighty, sanguine armoured, flying, studying Dodging, lightly drained, slow
A: reduced essence, hooves 2, powered by death 1, spiny 1, sanguine armour 3,
regeneration 1
}: 1/15 runes: barnacled
a: Renounce Religion, Evoke Blink, Recall Ancestor, Ancestor Identity,
Transference, Idealise


You were on level 2 of the Spider Nest.
You worshipped Hepliaklqana.
Hepliaklqana was extremely pleased with you.
You visited 6 branches of the dungeon, and saw 26 of its levels.
You also visited: Bailey and Ice Cave.

You collected 2874 gold pieces.
You spent 189 gold pieces at shops.

Inventory:

Hand Weapons
 m - a +4 spectral demon whip (weapon)
 C - a +2 vampiric demon whip
Missiles
 d - 7 throwing nets (quivered)
 e - 36 javelins
 g - a silver javelin
Armour
 a - +0 fire dragon scales
 k - the +2 shield of Resistance (worn) {rF++ rC++ Will++}
   (You found it on level 12 of the Dungeon)

   rF:        It greatly protects you from fire.
   rC:        It greatly protects you from cold.
   Will:      It greatly increases your willpower.
 n - a +0 pair of gloves (worn)
 w - a +5 chain mail of willpower
 J - the +6 chain mail "Puosups" (worn) {Drain rPois Str-3 Stlth+}
   (You found it on level 1 of the Spider Nest)

   Str:       It affects your strength (-3).
   rPois:     It protects you from poison.
   Drain:     It drains your maximum health when unequipped.
   Stlth:     It makes you more stealthy.
 M - +0 ice dragon scales
 O - the +3 hat of Pondering (worn) {ponderous, Will+ MP+10 Int+5}
   (You took it off Gastronok on level 10 of the Dungeon)

   Int:       It affects your intelligence (+5).
   MP:        It affects your magic capacity (+10).
   Will:      It increases your willpower.
 Q - a +0 scale mail of cold resistance
 X - a +2 scale mail of fire resistance
 Z - the +9 plate armour "Naisin" {Harm Rampage rC- Str-2}
   (You found it on level 4 of the Lair of Beasts)

   Str:       It affects your strength (-2).
   rC:        It makes you vulnerable to cold.
   Harm:      It increases damage dealt and taken.
   Rampage:   It bestows one free step when moving towards enemies.
Jewellery
 f - an amulet of guardian spirit
 i - a ring of ice
 q - the ring "Xiffe" (right hand) {Contam Will+ MP+9 Str+7 Dex+2}
   (You found it on level 4 of the Shoals)

   [ring of magical power]

   Str:       It affects your strength (+7).
   Dex:       It affects your dexterity (+2).
   MP:        It affects your magic capacity (+9).
   Contam:    It causes magical contamination when unequipped.
   Will:      It increases your willpower.
 B - the amulet of Urghy (around neck) {Faith rElec rF+ rCorr Int-2}
   (You took it off a merfolk on level 4 of the Shoals)

   [amulet of faith]

   It allows you to gain divine favour quickly.
   Int:       It affects your intelligence (-2).
   rF:        It protects you from fire.
   rElec:     It insulates you from electricity.
   rCorr:     It protects you from acid and corrosion.
 F - an amulet of faith
 H - the ring of Qomn (left hand) {+Blink Fly rF++ Str-2 Dex+2}
   (You found it on level 6 of the Dungeon)

   [ring of flight]

   Str:       It affects your strength (-2).
   Dex:       It affects your dexterity (+2).
   rF:        It greatly protects you from fire.
   Fly:       It grants you flight.
   +Blink:    It lets you blink.
 I - a ring of ice
 L - a +5 ring of evasion
 N - a +4 ring of slaying
 S - an amulet of magic regeneration
 Y - a +6 ring of strength
Wands
 c - a wand of mindburst (19)
 r - a wand of iceblast (18)
 v - a wand of acid (39)
 P - a wand of flame (20)
 R - a wand of polymorph (12)
 V - a wand of digging (3)
Scrolls
 b - 3 scrolls of torment
 j - 2 scrolls of enchant armour
 o - 3 scrolls of butterflies
 p - 15 scrolls of teleportation
 s - a scroll of fog
 x - 3 scrolls of amnesia
 y - 8 scrolls of blinking
 W - a scroll of immolation
Potions
 h - 2 potions of magic
 l - a potion of resistance
 t - a potion of mutation
 u - 15 potions of curing
 z - 6 potions of lignification
 A - 8 potions of might
 D - a potion of berserk rage
 E - 6 potions of ambrosia
 G - a potion of cancellation
 K - 4 potions of brilliance
 T - 4 potions of flight


   Skills:
 - Level 10.0 Fighting
 - Level 2.6 Short Blades
 - Level 12.0 Maces & Flails
 - Level 1.7 Throwing
 - Level 20.0 Armour
 - Level 10.0 Dodging
 - Level 3.0 Stealth
 - Level 10.0 Shields
 - Level 2.8 Spellcasting
 + Level 7.3 Invocations
 - Level 14.0 Evocations


You had 21 spell levels left.
You didn't know any spells.
Your spell library contained the following spells:

 Spells                   Type           Power      Damage    Failure   Level
 Sandblast                Erth           2%         2d4       88%         1
 Shock                    Conj/Air       4%         1d3       88%         1
 Passwall                 Tmut/Erth      0%         N/A       95%         2
 Inner Flame              Hex/Fire       1%         N/A       99%         3
 Ozocubu's Armour         Ice            1%         N/A       99%         3
 Stone Arrow              Conj/Erth      2%         3d7       99%         3
 Swiftness                Air            1%         N/A       99%         3
 Vhi's Electric Charge    Tloc/Air       2%         N/A       99%         3
 Airstrike                Air            0%         2d(1-17)  100%        4
 Animate Armour           Summ/Erth      2%         N/A       100%        4
 Cause Fear               Hex            0%         N/A       100%        4
 Flame Wave               Conj/Fire      1%         2d4       100%        4
 Passage of Golubria      Tloc           1%         N/A       100%        4
 Sticky Flame             Conj/Fire      1%         2d3       100%        4
 Summon Lightning Spire   Summ/Air       1%         N/A       100%        4
 Arcjolt                  Conj/Air       0%         1d10      100%        5
 Borgnjor's Vile Clutch   Necr/Erth      0%         N/A       100%        5
 Silence                  Hex/Air        0%         N/A       100%        5
 Summon Forest            Summ/Tloc      0%         N/A       100%        5
 Ozocubu's Refrigeration  Ice            0%         4d7       100%        7
 Storm Form               Tmut/Air       0%         N/A       100%        7
 Discord                  Hex            0%         N/A       100%        8
 Lehudib's Crystal Spear  Conj/Erth      0%         10d2      100%        8
 Maxwell's Capacitive Co  Air            0%         ∞         100%        8
 Summon Horrible Things   Summ           0%         N/A       100%        8
 Chain Lightning          Conj/Air       0%         2d1       100%        9
 Fire Storm               Conj/Fire      0%         6d1       100%        9
 Shatter                  Erth           0%         3d5*      100%        9


Dungeon Overview and Level Annotations

Branches:
Dungeon (12/15)            Temple (1/1) D:6            Lair (5/5) D:9
 Shoals (4/4) Lair:2       Spider (2/4) Lair:3        Slime (0/5) Lair:5
    Orc (2/2) D:12            Elf (0/3) Orc:2        Bailey (visited)
  IceCv (visited)

Altars:
Ashenzari
Cheibriados
Dithmenos
Fedhas
Gozag
Hepliaklqana
Kikubaaqudgha
Makhleb
Nemelex Xobeh
Okawaru
Qazlal
Ru
Sif Muna
Trog
Uskayaw
Vehumet
Wu Jian
Xom
Yredelemnul
Jiyva

Shops:
D:1 :   D:5 *(   Orc:2 =(?(

Annotations:
D:12 1 runed translucent door


Innate Abilities, Weirdness & Mutations

Your life essence is reduced to manifest your ancestor. (-10% HP)
You have hoof-like feet.
You regenerate a little health from kills.
You are partially covered in sharp spines.
When seriously injured, your blood forms very thick armour. (AC +12)
Your natural rate of healing is unusually fast.


Message History

The jorogumo casts a spell at you. The stream of webbing misses you.
The spark wasp barely misses your +4 spectral demon whip.
The radroach bites your +4 spectral demon whip!!
Your spectral weapon shares its damage with you!
Your +4 spectral demon whip fades away.
You whack the spark wasp! You kick the spark wasp!
The spark wasp is severely wounded.
Your +4 spectral demon whip misses the spark wasp.
The spark wasp is struck by your spines.
The spark wasp stings you! The spark wasp shocks you. You resist.
* * * LOW HITPOINT WARNING * * *
The jorogumo stares at you and mumbles some strange words.
The bolt of negative energy hits you.
You feel drained.
* * * LOW HITPOINT WARNING * * *
The spark wasp stings you!
* * * LOW HITPOINT WARNING * * *
The spark wasp shocks you. You resist.
* * * LOW HITPOINT WARNING * * *
Okay, then.
Okay, then.
Blink to where?
Press: ? - help, Dir - move target
As you read the scroll of blinking, it crumbles to dust.
The spark wasp bursts into living lightning!
The living lightning hits the spark wasp.
The spark wasp completely resists.
The living lightning hits you but does no damage.
The spark wasp blinks! x2
The spark wasp bursts into living lightning!
The living lightning hits the spark wasp.
The spark wasp completely resists.
The living lightning hits you. You resist.
* * * LOW HITPOINT WARNING * * *
The spark wasp blinks! x3
You enter the transporter and appear at another place.
The spark wasp is struck by your spines.
The spark wasp stings you but does no damage.
The spark wasp is struck by your spines.
The spark wasp stings you!
You die...

#....#.#....#.#...#....<.#..#....
#####......##..#...#...#........#
##.###..#.^#[.#.#.......(......#.
['^..#.#..>....#..#########...##.
['...#.....#...#.##.......##.#...
['.............#.#8..#.#..8#.....
['.............#.#($#...#..#.....
['...#........#.y#)[....B..#..#..
['...#..........@#§$y..HyB)#©....
##.#####..#......#"y...§§..#..^..
.###.............#$$#..§#..#.##..
..#..............#8..#.#..8#.#...
#.^..............##.......##.....
#.....#..#.....#..#########...###
###...÷........#................#
#...#####.........###?...##......
#.................#........#.....


You could see a jorogumo and 3 spark wasps.

Vanquished Creatures
  Mara (Shoals:4)
  3 krakens
  Gastronok (D:10)
  Kirke (D:12)
  Donald (Shoals:4)
  An emperor scorpion (Spider:1)
  6 merfolk impalers (Shoals:4)
  3 merfolk javelineers
  2 fire dragons (D:12)
  Harold (Lair:1)
  2 ice dragons (D:12)
  5 hydras
  Erica (Lair:2)
  2 catoblepae
  A jorogumo (Spider:2)
  5 radroaches
  3 merfolk avatars
  6 boulder beetles
  A centaur warrior (Shoals:3)
  5 death yaks
  A satyr (Shoals:4)
  2 merfolk aquamancers (Shoals:4)
  2 two-headed ogres (D:10)
  Urug (Lair:2)
  4 orc high priests (Orc:2)
  A fire crab (Lair:4)
  10 sea snakes
  2 sun moths (Spider:2)
  4 pharaoh ants
  An orb spider (Spider:1)
  Lodul (D:11)
  An orange crystal statue (Spider:2)
  4 orc knights
  3 steelbarb worms
  Pikel (D:5)
  An ugly thing (D:11)
  26 harpies
  3 orc sorcerers (Orc:2)
  14 wolf spiders
  10 manticores
  5 fauns
  2 cyclopes (Shoals:4)
  17 elephants
  8 merfolk sirens
  Joseph (D:8)
  4 water nymphs
  2 ice statues (IceCv)
  3 demonic crawlers
  8 black mambas
  3 torpor snails
  An orange demon (D:10)
  A gargoyle (D:10)
  3 rime drakes
  12 cane toads
  8 komodo dragons
  4 kobold demonologists
  An ice devil (D:12)
  8 merfolk
  9 wind drakes
  6 tarantellas
  5 polar bears
  A troll (D:12)
  Grinder (D:5)
  2 hornets
  20 blink frogs
  Prince Ribbit (D:5)
  15 dream sheep
  7 snapping turtles
  8 slime creatures
  12 jumping spiders
  3 wraiths
  38 yaks
  6 culicivoras
  4 wyverns
  4 water elementals
  A hog (D:12)
  3 basilisks
  15 redbacks
  A vampire mosquito (D:12)
  The ghost of yumyumyeen the Chopper, an amateur DsGl of Trog (D:4)
  2 wargs
  2 acid dragons
  Duvessa (D:5)
  Menkaure (D:6)
  13 water moccasins
  32 orc warriors
  3 ice beasts
  16 wolves
  14 ogres
  11 centaurs
  A phantom (D:6)
  8 kobold brigands
  Blork the orc (D:4)
  8 bullfrogs
  7 scorpions
  3 gnoll sergeants
  2 necrophages
  7 wights
  Dowan (D:5)
  15 killer bees
  A howler monkey (D:10)
  An electric eel (D:12)
  A hexer (Lair:3)
  3 gnoll boudas
  3 hounds
  3 jellies
  12 orc priests
  2 iguanas (D:5)
  Ijyb (D:3)
  Terence (D:2)
  15 orc wizards
  4 hell rats (Lair:3)
  2 polar bear simulacra (IceCv)
  A wolf simulacrum (IceCv)
  27 gnolls
  9 adders
  2 river rats (D:9)
  A shadow imp (D:5)
  2 white imps
  A worm (D:4)
  A dart slug (D:3)
  63 orcs
  8 ball pythons
  8 endoplasms
  7 giant cockroaches
  8 goblins
  5 hobgoblins
  8 jackals (D:2)
  5 quokkas
  4 bats
  4 frilled lizards
  12 kobolds
  5 rats
  2 tentacles
777 creatures vanquished.

Vanquished Creatures (collateral kills)
  Nikola (Shoals:1)
  Polyphemus (Shoals:2)
  An emperor scorpion (Spider:2)
  3 merfolk impalers
  2 hydras (Lair:4)
  A boulder beetle (D:11)
  2 catoblepae
  3 merfolk avatars
  2 alligator snapping turtles
  4 death yaks
  Amaemon (D:10)
  Nergalle (Lair:3)
  A pharaoh ant (Spider:1)
  5 harpies
  An orc sorcerer (Orc:2)
  An orc knight (Orc:2)
  2 manticores
  An ugly thing (IceCv)
  4 cyclopes
  6 elephants
  2 black mambas (Lair:4)
  4 slime creatures (D:12)
  2 merfolk sirens
  2 water nymphs (Shoals:4)
  A cane toad (Lair:5)
  A torpor snail (Lair:4)
  A rime drake (Lair:4)
  An ice devil (D:12)
  A polar bear (Lair:5)
  2 trolls
  A tarantella (Lair:3)
  5 merfolk
  A hornet (Lair:5)
  3 blink frogs
  2 snapping turtles
  6 dream sheep
  3 jumping spiders
  A culicivora (Spider:2)
  4 yaks
  3 water elementals
  3 redbacks (Spider:1)
  A vampire mosquito (D:12)
  A warg (Orc:1)
  3 orc warriors
  An ogre (Orc:1)
  3 kobold brigands (D:11)
  A bullfrog (Lair:2)
  5 orc priests
  5 orc wizards
  A polar bear simulacrum (IceCv)
  2 gnolls (D:9)
  A river rat (D:9)
  8 orcs
  A kobold (D:12)
  A rat (D:9)
  A tentacle (Shoals:2)
127 creatures vanquished.

Vanquished Creatures (others)
  An ugly thing (IceCv)
  15 hexers
  32 fungi
  78 plants
  15 tentacles
141 creatures vanquished.

Grand Total: 1045 creatures vanquished

Notes
Turn   | Place    | Note
-------+----------+-------------------------------------------
     0 | D:1      | Newt the Demonspawn Gladiator began the quest for the Orb.
     0 | D:1      | Reached XP level 1. HP: 16/16 MP: 1/1
    97 | D:1      | Reached skill level 1 in Stealth
   178 | D:1      | Gained mutation: You are partially covered in sharp spines.
                  | [demonic ancestry]
   178 | D:1      | Reached XP level 2. HP: 22/22 MP: 2/2
   331 | D:1      | Found Egauso's Book Emporium.
   345 | D:1      | Reached XP level 3. HP: 18/27 MP: 3/3
   499 | D:2      | Noticed Terence
   514 | D:2      | Killed Terence
   577 | D:2      | Gained mutation: When seriously injured, your blood forms
                  | armour. (AC +12) [demonic ancestry]
   577 | D:2      | Reached XP level 4. HP: 31/35 MP: 4/4
  1214 | D:3      | Noticed a scorpion
  1223 | D:2      | Killed a scorpion
  1224 | D:2      | Gained mutation: You have large cloven feet. [demonic
                  | ancestry]
  1224 | D:2      | Reached XP level 5. HP: 41/42 MP: 5/5
  1388 | D:3      | Got the Grimoire of Companions and Talus
  1421 | D:3      | Noticed Ijyb
  1437 | D:3      | Killed Ijyb
  1588 | D:3      | Reached XP level 6. HP: 48/48 MP: 6/6
  2075 | D:4      | Found a runed translucent door.
  2125 | D:4      | Found a snail-covered altar of Cheibriados.
  2165 | D:4      | Noticed Blork the orc
  2166 | D:4      | Reached skill level 1 in Armour
  2173 | D:4      | Killed Blork the orc
  2174 | D:4      | Reached skill level 2 in Armour
  2265 | D:4      | Gained mutation: You occasionally lose the ability to read
                  | scrolls when taking damage. [potion of mutation]
  2265 | D:4      | Gained mutation: You are robust. (+10% HP) [potion of
                  | mutation]
  2266 | D:4      | Lost mutation: You occasionally lose the ability to read
                  | scrolls when taking damage. [potion of mutation]
  2266 | D:4      | Lost mutation: You are robust. (+10% HP) [potion of
                  | mutation]
  2266 | D:4      | Gained mutation: Armour fits poorly on your strangely
                  | shaped body. [potion of mutation]
  2352 | D:4      | Noticed yumyumyeen's ghost (amateur DsGl)
  2473 | D:4      | Gained mutation: When seriously injured, your blood forms
                  | thick armour. (AC +12) [demonic ancestry]
  2473 | D:4      | Reached XP level 7. HP: 47/54 MP: 7/7
  2649 | D:4      | Killed yumyumyeen's ghost
  2650 | D:4      | Reached skill level 3 in Armour
  2881 | D:5      | Entered Level 5 of the Dungeon
  2925 | D:5      | Found Daib's Serpentskin Sales.
  2937 | D:5      | Reached skill level 4 in Armour
  2938 | D:5      | Reached skill level 5 in Maces & Flails
  3177 | D:5      | Gained mutation: You regenerate a little health from kills.
                  | [demonic ancestry]
  3177 | D:5      | Reached XP level 8. HP: 58/60 MP: 8/8
  3213 | D:5      | Noticed Duvessa
  3213 | D:5      | Noticed Dowan
  3227 | D:5      | Killed Dowan
  3233 | D:5      | Killed Duvessa
  3322 | D:5      | Found Cyfeha's Antique Weapon Emporium.
  3378 | D:5      | Noticed Prince Ribbit
  3388 | D:5      | Killed Prince Ribbit
  3461 | D:5      | Reached skill level 5 in Fighting
  3547 | D:5      | Noticed Pikel
  3572 | D:5      | Killed Pikel
  3573 | D:5      | Gained mutation: When seriously injured, your blood forms
                  | very thick armour. (AC +12) [demonic ancestry]
  3573 | D:5      | Reached XP level 9. HP: 40/69 MP: 9/9
  3859 | D:5      | Noticed Grinder
  3869 | D:5      | Killed Grinder
  4221 | D:6      | Noticed Menkaure
  4225 | D:6      | Killed Menkaure
  4502 | D:6      | Reached skill level 5 in Armour
  4822 | D:6      | Identified the ring of Qomn {+Blink Fly rF++ Str-2 Dex+2}
  4829 | D:6      | Found a staircase to the Ecumenical Temple.
  4837 | Temple   | Entered the Ecumenical Temple
  5241 | Temple   | Became a worshipper of Hepliaklqana the Forgotten
  5318 | D:6      | Lost mutation: Armour fits poorly on your strangely shaped
                  | body. [potion of mutation]
  5318 | D:6      | Gained mutation: You are clumsy. (Dex -2) [potion of
                  | mutation]
  5318 | D:6      | Gained mutation: You are strong-willed. (Will+) [potion of
                  | mutation]
  5427 | D:7      | Reached skill level 6 in Armour
  5519 | D:7      | HP: 3/72 [wight/+4 halberd (9)]
  5551 | D:7      | Reached XP level 10. HP: 29/80 MP: 10/10
  5576 | D:7      | Found a flagged portal.
  5587 | Bailey   | Entered a bailey
  6069 | Bailey   | Reached skill level 5 in Dodging
  6338 | Bailey   | Acquired a manual of Dodging
  6865 | D:8      | Noticed Joseph
  6888 | D:8      | Killed Joseph
  7263 | D:8      | Reached skill level 10 in Maces & Flails
  7611 | D:9      | Reached * piety under Hepliaklqana
  7886 | D:9      | Noticed a death yak
  7888 | D:9      | Found a staircase to the Lair.
  7901 | D:9      | Killed a death yak
  7902 | D:9      | Reached XP level 11. HP: 56/77 MP: 11/11
  7960 | D:9      | Noticed a death yak
  7984 | D:9      | Killed a death yak
  8330 | D:9      | Noticed a death yak
  8341 | D:9      | Killed a death yak
  8342 | D:9      | Reached skill level 7 in Armour
  8457 | D:9      | Reached ** piety under Hepliaklqana
  8458 | D:9      | Remembered your ancestor Rana as a hexer
  9312 | Lair:1   | Entered Level 1 of the Lair of Beasts
  9436 | Lair:1   | Reached skill level 8 in Armour
  9499 | Lair:1   | Reached skill level 9 in Armour
  9647 | Lair:1   | Reached *** piety under Hepliaklqana
  9770 | Lair:1   | Reached skill level 10 in Armour
  9779 | Lair:1   | Reached skill level 10 in Dodging
 10016 | Lair:1   | Reached skill level 5 in Evocations
 10491 | Lair:1   | Noticed a catoblepas
 10506 | Lair:1   | Killed a catoblepas
 10507 | Lair:1   | Gained mutation: You have hoof-like feet. [demonic
                  | ancestry]
 10507 | Lair:1   | Reached XP level 12. HP: 56/82 MP: 12/12
 10507 | Lair:1   | Identified the +9 trident "Ogoboir" {holy, Str+3}
 10619 | Lair:2   | Noticed Harold
 10635 | Lair:1   | Killed Harold
 10892 | Lair:2   | Found a staircase to the Shoals.
 11043 | Lair:2   | Noticed Urug
 11061 | Lair:2   | Killed Urug
 11420 | Lair:2   | Noticed a boulder beetle
 11442 | Lair:2   | Killed a boulder beetle
 11443 | Lair:2   | Reached skill level 1 in Invocations
 11672 | Lair:2   | Noticed Erica
 11699 | Lair:2   | Killed Erica
 11765 | Lair:2   | Reached **** piety under Hepliaklqana
 11777 | Lair:2   | You are sucked into a shaft and drop 1 floor!
 11777 | Lair:3   | Noticed Nergalle
 11777 | Lair:3   | Noticed an eight-headed hydra
 11784 | Lair:3   | Killed Nergalle
 11785 | Lair:3   | Reached skill level 5 in Invocations
 11790 | Lair:3   | Killed an eight-headed hydra
 11801 | Lair:3   | Noticed an eight-headed hydra
 11814 | Lair:3   | Killed an eight-headed hydra
 12001 | Lair:3   | Found a hole to the Spider Nest.
 12191 | Lair:3   | Reached skill level 10 in Fighting
 12215 | Lair:3   | Noticed a boulder beetle
 12227 | Lair:3   | Killed a boulder beetle
 12228 | Lair:3   | Reached XP level 13. HP: 73/92 MP: 17/17
 12370 | Lair:3   | Reached skill level 11 in Armour
 12436 | Lair:3   | Reached skill level 12 in Armour
 12751 | Lair:3   | Reached skill level 13 in Armour
 13559 | Lair:4   | Reached skill level 14 in Armour
 13916 | Lair:4   | Reached skill level 15 in Armour
 14151 | Lair:4   | Reached skill level 1 in Spellcasting
 14235 | Lair:4   | Reached ***** piety under Hepliaklqana
 14242 | Lair:4   | Identified the +9 plate armour "Naisin" {Harm Rampage rC-
                  | Str-2}
 14943 | Lair:5   | Entered Level 5 of the Lair of Beasts
 14957 | Lair:5   | Reached XP level 14. HP: 93/99 MP: 18/18
 15193 | Lair:5   | Reached skill level 16 in Armour
 15355 | Lair:5   | Found a viscous altar of Jiyva.
 15356 | Lair:5   | Found a staircase to the Slime Pits.
 15871 | Lair:5   | Reached skill level 17 in Armour
 15888 | Lair:5   | Identified the +6 trident of the Aged Underlurkers {drain,
                  | rCorr Dex+2}
 16518 | D:10     | Entered Level 10 of the Dungeon
 16676 | D:10     | You are sucked into a shaft and drop 1 floor!
 16838 | D:10     | Identified the +0 plate armour of a bailey {rN+ Stlth+}
 16924 | D:10     | Noticed Amaemon
 16943 | D:10     | Killed Amaemon
 17332 | D:10     | Noticed Gastronok
 17348 | D:10     | Killed Gastronok
 17666 | D:11     | Identified the +6 rapier of the Blessed Realm {spect, rF+
                  | rC+}
 17885 | D:11     | Noticed Lodul
 17899 | D:11     | Killed Lodul
 18264 | D:11     | Reached skill level 18 in Armour
 18275 | D:11     | Reached ****** piety under Hepliaklqana
 18454 | D:11     | Lost mutation: You are strong-willed. (Will+) [potion of
                  | mutation]
 18454 | D:11     | Lost mutation: You are clumsy. (Dex -2) [potion of
                  | mutation]
 18454 | D:11     | Gained mutation: You are somewhat resistant to further
                  | mutation. [potion of mutation]
 18455 | D:11     | Lost mutation: You are somewhat resistant to further
                  | mutation. [potion of mutation]
 18455 | D:11     | Gained mutation: Your body sometimes deteriorates upon
                  | taking damage. [potion of mutation]
 18456 | D:11     | Lost mutation: Your body sometimes deteriorates upon taking
                  | damage. [potion of mutation]
 18456 | D:11     | Gained mutation: Your natural rate of healing is unusually
                  | fast. [potion of mutation]
 18770 | D:12     | Found a frozen archway.
 18780 | D:12     | Reached XP level 15. HP: 103/103 MP: 19/19
 18822 | IceCv    | Entered an ice cave
 18972 | IceCv    | Found a transporter.
 19006 | IceCv    | Found a transporter.
 19220 | D:12     | Found a runed translucent door.
 19220 | D:12     | Noticed Kirke
 19223 | D:12     | Found the +2 shield of Resistance {rF++ rC++ Will++}
 19224 | D:12     | Found a runed translucent door.
 19257 | D:12     | Killed Kirke
 19608 | D:12     | Found a staircase to the Orcish Mines.
 19780 | Orc:1    | Entered Level 1 of the Orcish Mines
 20290 | Orc:2    | Entered Level 2 of the Orcish Mines
 20290 | Orc:2    | Found a burning altar of Makhleb.
 20296 | Orc:2    | Reached skill level 19 in Armour
 20436 | Orc:2    | Found a staircase to the Elven Halls.
 20851 | Orc:2    | Found Edoucs's Magic Scroll Emporium.
 20985 | Orc:2    | Found Ophunwast's Jewellery Shop.
 20990 | Orc:2    | Found Kiaklitt's Antique Weapon Shop.
 20992 | Orc:2    | Found Jeqec's Weapon Emporium.
 21015 | Orc:2    | Bought a scroll of identify for 28 gold pieces
 21015 | Orc:2    | Bought a scroll of identify for 28 gold pieces
 21015 | Orc:2    | Bought a scroll of brand weapon for 133 gold pieces
 21327 | Shoals:1 | Entered Level 1 of the Shoals
 21427 | Shoals:1 | Noticed Nikola
 21442 | Shoals:1 | Killed Nikola
 21637 | Shoals:1 | Noticed a kraken
 21654 | Shoals:1 | Killed a kraken
 21655 | Shoals:1 | Reached skill level 20 in Armour
 21655 | Shoals:1 | Reached skill level 1 in Shields
 22460 | Shoals:2 | Noticed a kraken
 22549 | Shoals:2 | Killed a kraken
 22837 | Shoals:2 | Reached skill level 5 in Shields
 23037 | Shoals:2 | Reached XP level 16. HP: 109/109 MP: 20/20
 23684 | Shoals:3 | Noticed Polyphemus
 23717 | Shoals:2 | Killed Polyphemus
 24604 | Shoals:4 | Entered Level 4 of the Shoals
 24685 | Shoals:4 | Reached skill level 10 in Shields
 24706 | Shoals:4 | Identified the +1 leather armour of Dim Light {Dex+6}
 24855 | Shoals:4 | Noticed Mara
 24858 | Shoals:4 | Noticed Newt's illusion
 24981 | Shoals:4 | Noticed Newt's illusion
 25124 | Shoals:4 | Noticed Newt's illusion
 25124 | Shoals:4 | Killed Mara
 25617 | Shoals:4 | Identified the ring "Xiffe" {Contam Will+ MP+9 Str+7 Dex+2}
 25763 | Shoals:4 | Reached skill level 10 in Evocations
 26112 | Shoals:4 | Identified the amulet of Urghy {Faith rElec rF+ rCorr
                  | Int-2}
 26171 | Shoals:4 | Noticed Donald
 26180 | Shoals:4 | Killed Donald
 26199 | Shoals:4 | Reached XP level 17. HP: 108/115 MP: 21/21
 26412 | Shoals:4 | Noticed a kraken
 26424 | Shoals:4 | Killed a kraken
 26734 | Shoals:4 | Got a barnacled rune of Zot
 26933 | Spider:1 | Entered Level 1 of the Spider Nest
 27579 | Spider:1 | You are sucked into a shaft and drop 1 floor!
 27627 | Spider:1 | Identified the +6 chain mail "Puosups" {Drain rPois Str-3
                  | Stlth+}
 27859 | Spider:2 | Found a transporter.
 28409 | Spider:2 | Found a transporter.
 28430 | Spider:2 | Identified the -2 robe of Broken Taboos {Int+3}
 28434 | Spider:2 | Identified the +2 hat of Sif Muna's Displeasure {rN++
                  | Dex+8}
 28500 | Spider:2 | Identified the +8 war axe "Killer Klown's Death" {protect,
                  | *Corrode Int+3 SInv}
 28500 | Spider:2 | HP: 4/114 [spark wasp/living lightning (4)]
 28501 | Spider:2 | Mangled by a spark wasp

Illustrated notes

Levels and vault maps discovered:
D:1:      wander_arrival_chamber, layout_rooms, serial_shops, shop
D:2:      layout_basic, serial_corexii_hall, corexii_hall_statues_i,
          chequers_hall_statues_corner_a, nicolae_half_adder, uniq_terence
D:3:      kennysheep_the_goblin_king, layout_basic, serial_glass,
          glass_columns_b, glass_columns_a, glass_columns_a, glass_columns_b,
          grunt_ministairs_7, minmay_diced_spiral, uniq_ijyb
D:4:      layout_rooms, slow_altar_1, hellmonk_ghost_happy_afterlife,
          dk_rats_in_the_wall, uniq_blork_the_orc
D:5:      layout_basic, serial_shops, shop, minmay_misc_feat_hallway,
          guppyfry_shop_venom, uniq_prince_ribbit1, uniq_grinder, uniq_pikel,
          uniq_duvessa
D:6:      layout_loops_ring, minmay_temple_entry_overgrown, uniq_menkaure
D:7:      layout_basic, elyvilon_altar_1, enter_bailey_2, st_stairs_2,
          kennysheep_generic_room_2
D:8:      layout_rooms, uniq_joseph
D:9:      layout_layer_cave, dpeg_lair_monsters
D:10:     cheibrodos_barr_body, layout_long_grid, uniq_amaemon, uniq_gastronok
D:11:     layout_grid_maze, special_room [special_room_kobold], uniq_lodul
D:12:     layout_basic, david_orc_2, portal_ice_cave_demonic_guard,
          minmay_statues_item, serial_bayou_lagoon_a,
          minmay_guarded_unrand_resistance, uniq_kirke
Temple:   mainiacjoe_temple_big_plus
Lair:1:   layout_roguey, hibernation_bobbens
Lair:2:   layout_loops_ring, nicolae_shoals_entry_roost,
          cheibrodos_lair_lostbears, grunt_megastairs_4,
          infiniplex_staircase_pool, uniq_harold, uniq_urug, uniq_erica
Lair:3:   layout_chaotic_city, nicolae_spider_entry_lesser_pyramids,
          uniq_nergalle
Lair:4:   nzn_winding_woodlands_large [nzn_winding_woodlands_5x5_closed_star,
          nzn_winding_woodlands_5x15_eye, nzn_winding_woodlands_5x5_cross,
          nzn_winding_woodlands_center_triple_pond,
          nzn_winding_woodlands_15x15_thick_spiral,
          nzn_winding_woodlands_center_diamonds,
          nzn_winding_woodlands_5x5_open_star,
          nzn_winding_woodlands_5x15_pathside_ponds,
          nzn_winding_woodlands_hourglass], layout_hall_layers, st_stairs_9,
          infiniplex_staircase_pool_2
Lair:5:   gammafunk_lair_ancient_temple, layout_hall_layers, slime_entry_1,
          st_stairs_12, lemuel_fruit_tree
Shoals:1: layout_shoals, uniq_nikola
Shoals:2: cheibrodos_shoals_roost, layout_shoals
Shoals:3: layout_shoals, uniq_polyphemus
Shoals:4: shoals_end_simple, layout_shoals, uniq_mara, uniq_donald
Spider:1: nicolae_spider_mines_1
Spider:2: gammafunk_sealed_arena, hellmonk_motheaten_closet
Orc:1:    layout_caves, nicolae_orc_pool_cavern
Orc:2:    st_orc_elflike, layout_diamond_mine, basic_altar

Skill      XL: |  1  2  3  4  5  6  7  8  9 10 11 12 13 14 15 16 17 |
---------------+----------------------------------------------------+-----
Stealth        | 1 2 3 |  3.0
Fighting       | 3 4 6 7 8 10 | 10.0
Maces & Flails | 2 3 4 5 6 8 10 11 12 | 12.0
Armour         | 2 4 6 10 15 18 20 | 20.0
Evocations     | 4 5 9 11 14 | 14.0
Dodging        | 5 10 | 10.0
Invocations    | 6 7 |  7.3
Spellcasting   | 2 |  2.8
Shields        | 6 10 | 10.0
Short Blades   | |  2.6
Throwing       | |  1.7

Action                   |  1- 3 |  4- 6 |  7- 9 | 10-12 | 13-15 | 16-18 || total
-------------------------+-------+-------+-------+-------+-------+-------++-------
Melee: Rapier            |    12 |       |       |       |       |       ||    12
       Dagger            |    22 |       |       |       |       |       ||    22
       Whip              |     9 |   148 |   263 |   785 |   712 |       ||  1917
       Punch             |       |     2 |     3 |    12 |    22 |       ||    39
       Kick              |       |    24 |    70 |   327 |   679 |   402 ||  1502
       Demon whip        |       |       |       |       |   867 |   790 ||  1657
Throw: Javelin           |       |       |       |     1 |       |       ||     1
       Throwing net      |       |       |       |     2 |       |       ||     2
Invok: Ancestor Life: He |       |       |       |     1 |       |       ||     1
       Recall Ancestor   |       |       |       |     1 |     2 |     3 ||     6
       Idealise          |       |       |       |       |     2 |     2 ||     4
       Transference      |       |       |       |       |       |     3 ||     3
Evoke: Wand              |       |       |     2 |       |     6 |     2 ||    10
  Use: Scroll            |     4 |     9 |     4 |     4 |    19 |     7 ||    47
       Potion            |       |     2 |     3 |       |    10 |     1 ||    16
 Stab: Sleeping          |     6 |     7 |       |       |       |       ||    13
       Distracted        |       |       |       |    11 |    17 |    18 ||    46
       Confused          |       |       |       |     5 |    28 |    12 ||    45
       Held in net/web   |       |       |       |     1 |       |       ||     1
       Paralysed         |       |       |       |       |    57 |    64 ||   121
       Invisible         |       |       |       |       |     9 |       ||     9
Armor: Leather armour    |     8 |    23 |       |       |       |       ||    31
       Chain mail        |       |    33 |   126 |   353 |    76 |    56 ||   644
       Plate armour      |       |       |       |       |   488 |   239 ||   727
       Scale mail        |       |       |       |       |     7 |       ||     7
Dodge: Dodged            |    11 |    63 |    93 |   461 |   713 |   261 ||  1602
Block: Kite shield       |       |       |       |       |   270 |   423 ||   693

Table legend: (Time is in decaauts)
 A = Elapsed time spent in this place.
 B = Non-inter-level travel time spent in this place.
 C = Inter-level travel time spent in this place.
 D = Time resting spent in this place.
 E = Time spent auto-exploring this place.
 F = Levels seen in this place.
 G = Mean time per level.
                   A        B        C        D        E       F      G
               +--------+--------+--------+--------+--------+-----+--------+
         Total |  27906 |  26555 |   1351 |   3258 |  18024 |  28 |  996.6 |
       Dungeon |  11127 |  10428 |    699 |    814 |   7759 |  12 |  927.2 |
        Temple |    426 |    380 |     46 |      0 |    373 |   1 |  426.0 |
          Lair |   6656 |   6381 |    275 |    747 |   4600 |   5 | 1331.2 |
        Shoals |   5599 |   5405 |    194 |   1120 |   3037 |   4 | 1399.8 |
   Spider Nest |   1573 |   1496 |     77 |    165 |    912 |   2 |  786.5 |
  Orcish Mines |   1396 |   1338 |     58 |    102 |    903 |   2 |  698.0 |
        Bailey |    866 |    866 |      0 |    165 |    426 |   1 |  866.0 |
      Ice Cave |    259 |    259 |      0 |    144 |     12 |   1 |  259.0 |
               +--------+--------+--------+--------+--------+-----+--------+

Top non-repeatable levels by time:
Shoals:4: 1897 daAuts
     D:9: 1765 daAuts
  Lair:1: 1501 daAuts
Shoals:2: 1393 daAuts
  Lair:4: 1387 daAuts
  Lair:3: 1373 daAuts
Shoals:3: 1288 daAuts
    D:11: 1273 daAuts
  Lair:5: 1203 daAuts
  Lair:2: 1191 daAuts
     D:5: 1167 daAuts
Shoals:1: 1018 daAuts
    D:10: 935 daAuts
     D:6: 884 daAuts
Spider:1: 882 daAuts
